 Dungeon Crawl Stone Soup version 0.24-a0-788-g2b66604 (webtiles) character file.

Game seed: 13253407512912815817, levelgen mode: deterministic

157 Simbelmyne the Poker (level 5, 0/41 HPs)
             Began as a Mummy Monk on Oct 9, 2019.
             Slain by a hound (4 damage)
             ... on level 4 of the Dungeon.
             The game lasted 00:04:52 (2373 turns).

Simbelmyne the Poker (Mummy Monk)                   Turns: 2373, Time: 00:04:53

Health: 0/41       AC:  6    Str: 14    XL:     5   Next: 15%
Magic:  5/5        EV: 12    Int: 10    God:
Gold:   111        SH:  0    Dex: 15    Spells: 4/4 levels left

rFire    x . .     SeeInvis .   a - +0 spear
rCold    + + .     Gourm    .   (no shield)
rNeg     + + +     Faith    .   g - +0 ring mail
rPois    ∞         Spirit   .   k - +0 helmet
rElec    .         Reflect  .   (no cloak)
rCorr    .         Harm     .   (no gloves)
MR       +....                  (no boots)
Stlth    +.........             (no amulet)
HPRegen  0.13/turn              f - ring of protection from magic
MPRegen  0.09/turn              c - ring of protection from cold

@: very slightly contaminated
A: no food or potions, fire vulnerability, cold resistance 1, negative energy
resistance 3, torment resistance, unbreathing
a: no special abilities


You were on level 4 of the Dungeon.
You were not hungry.

You visited 1 branch of the dungeon, and saw 4 of its levels.

You collected 111 gold pieces.

Inventory:

Hand Weapons
 a - a +0 spear (weapon)
Armour
 d - a +0 leather armour
 g - a +0 ring mail (worn)
 k - a +0 helmet (worn)
Jewellery
 c - a ring of protection from cold (right hand)
 f - a ring of protection from magic (left hand)
Scrolls
 b - 2 scrolls of remove curse
 h - a scroll of amnesia
 i - a scroll of fog
 j - a scroll of noise


   Skills:
 - Level 3.0 Fighting
 - Level 4.0 Polearms
 + Level 1.8 Armour
 + Level 2.9 Dodging
 - Level 1.5 Stealth


You had 4 spell levels left.
You didn't know any spells.
Your spell library was empty.

Dungeon Overview and Level Annotations

Branches:
Dungeon (4/15)
 Temple: D:4-7

Altars:

Annotations:
D:2 1 runed translucent door, Crazy Yiuf


Innate Abilities, Weirdness & Mutations

You do not eat or drink.
Your flesh is vulnerable to fire.
You are immune to poison.
Your flesh is cold resistant. (rC+)
You are immune to negative energy. (rN+++)
You are immune to unholy pain and torment.
You can survive without breathing.


Message History

Blink to where?
Press: ? - help, Dir - move target cursor, f - you
Okay, then.
The hound bites you.
* * * LOW HITPOINT WARNING * * *
The kobold hits you with a cursed +0 whip.
* * * LOW HITPOINT WARNING * * *
A dart slug comes into view.
Unknown command.
Blink to where?
Press: ? - help, Dir - move target cursor You are very lightly contaminated with residual magic.
As you read the scroll of blinking, it crumbles to dust.
A worm comes into view.
Found a stone staircase leading down.
Found a club.
The hound misses you.
A worker ant comes into view.
You barely miss the hound. The hound misses you. The hound bites you.
You die...

######### #.......#
#.#.#.#.# #### ........#
.....
#.#.#.#.##########......
..........K....h@'.)....
#.#.#.#####....###.....a...
.......# #....# ........
#h#.#.#........# .......
................. .....#
#.#.#.#........... ....#
..............>.... ...
#.#.#.#............ #.#
..... .. #.#


You could see a hound, a worker ant (wandering) and a kobold.

Vanquished Creatures
  A scorpion (D:4)
  5 adders
  An ooze (D:1)
  2 worms (D:2)
  2 dart slugs (D:1)
  A leopard gecko (D:3)
  2 orcs (D:3)
  2 bats (D:3)
  2 giant cockroaches
  5 hobgoblins
  4 jackals (D:1)
  5 kobolds
  3 quokkas
  2 ball pythons
  A frilled lizard (D:1)
  5 goblins
  2 rats
45 creatures vanquished.

Notes
Turn   | Place    | Note
-------+----------+-------------------------------------------
     0 | D:1      | Simbelmyne the Mummy Monk began the quest for the Orb.
     0 | D:1      | Reached XP level 1. HP: 18/18 MP: 1/1
   102 | D:1      | Reached skill level 3 in Polearms
   102 | D:1      | Reached XP level 2. HP: 16/24 MP: 2/2
   527 | D:2      | Reached XP level 3. HP: 29/29 MP: 3/3
   798 | D:2      | Found a runed translucent door.
   799 | D:2      | Noticed Crazy Yiuf
   960 | D:2      | Reached skill level 4 in Polearms
  1258 | D:2      | Reached XP level 4. HP: 29/35 MP: 4/4
  1856 | D:3      | Reached skill level 1 in Armour
  2282 | D:4      | HP: 1/35 [scorpion (6)]
  2287 | D:4      | Reached XP level 5. HP: 2/41 MP: 5/5
  2329 | D:4      | Noticed an ogre
  2356 | D:4      | Noticed a phantom
  2358 | D:4      | HP: 2/41 [kobold/cursed +0 whip (3)]
  2373 | D:4      | Slain by a hound

Levels and vault maps discovered:
D:1:      minmay_arrival_up_and_down, layout_basic
D:2:      layout_loops_cross, minmay_misc_feat_iff, uniq_crazy_yiuf_cottage
D:3:      layout_loops_ring
D:4:      layout_basic, nicolae_overflow_hidden_temple, minivault_19,
          st_stairs_11, minmay_misc_feat_plants, uniq_grinder

Skill      XL: |  1  2  3  4 |
---------------+-------------+-----
Polearms       | 3 4 |  4.0
Armour         | 1 |  1.8
Fighting       | |  3.0
Dodging        | |  2.9
Stealth        | |  1.5

Action                   |  1- 3 |  4- 6 || total
-------------------------+-------+-------++-------
Melee: Spear             |   131 |   106 ||   237
  Use: Scroll            |       |     6 ||     6
 Stab: Sleeping          |     3 |     1 ||     4
Armor: Robe              |     4 |       ||     4
       Leather armour    |     3 |       ||     3
       Ring mail         |    22 |    32 ||    54
Dodge: Dodged            |    65 |    41 ||   106

Table legend:
 A = Non-vault XP
 B = Vault XP
 C = Vault XP percentage of total XP
 D = Non-vault monster count
 E = Vault monster count
 F = Vault count percentage of total count
                 A         B        C        D         E       F
            +---------+---------+-------+---------+---------+-------
      Total |     225 |       0 |   0.0 |      45 |       0 |   0.0
            +---------+---------+-------+---------+---------+-------
        D:1 |      32 |       0 |   0.0 |      13 |       0 |   0.0
        D:2 |      83 |       0 |   0.0 |      18 |       0 |   0.0
        D:3 |      38 |       0 |   0.0 |      13 |       0 |   0.0
        D:4 |      72 |       0 |   0.0 |       1 |       0 |   0.0
            +---------+---------+-------+---------+---------+-------
